 Dungeon Crawl Stone Soup version 0.20-b1-18-gaa2fd62 (webtiles) character file.

228 potatolord6000 the Shield-Bearer (level 6, -1/49 HPs)
             Began as a Formicid Fighter on May 24, 2017.
             Was an Initiate of Cheibriados.
             Killed from afar by an orc wizard (7 damage)
             ... with a magic dart
             ... on level 4 of the Dungeon.
             The game lasted 00:08:27 (2589 turns).

potatolord6000 the Shield-Bearer (Formicid Fighter) Turns: 2589, Time: 00:08:30

Health: -1/49      AC:  9    Str: 28    XL:     6   Next: 22%
Magic:  15/15      EV:  8    Int:  9    God:    Cheibriados [......]
Gold:   115        SH: 10    Dex: 11    Spells: 5/5 levels left

rFire    . . .     SeeInvis +   a - +0 trident
rCold    . . .     Gourm    .   c - +0 shield
rNeg     . . .     Faith    .   b - +0 scale mail
rPois    .         Spirit   .   (helmet unavailable)
rElec    .         Reflect  .   (no cloak)
rCorr    .         Harm     .   (no gloves)
MR       .....                  (no boots)
Stlth    ..........             (no amulet)
Regen    0.2/turn               m - ring of magical power
MPRegen  0.2/turn               (no ring)

@: mighty, lethally poisoned (-1 -> -4), very slow
A: permanent stasis, dig shafts and tunnels, four strong arms, antennae 3,
molten scales 1, wild magic 1
a: Dig, Shaft Self, Bend Time, Renounce Religion


You were on level 4 of the Dungeon.
You worshipped Cheibriados.
Cheibriados was noncommittal.
You were not hungry.

You visited 2 branches of the dungeon, and saw 5 of its levels.

You collected 115 gold pieces.

Inventory:

Hand Weapons
 a - a +0 trident (weapon)
Armour
 b - a +0 scale mail (worn)
 c - a +0 shield (worn)
Jewellery
 m - a ring of magical power (left hand)
Scrolls
 e - 4 scrolls of identify {unknown}
 f - a scroll of noise {unknown}
 g - a scroll of fear {unknown}
 h - a scroll of magic mapping {unknown}
 i - 2 scrolls of teleportation {unknown}
 n - a scroll of recharging {unknown}
Comestibles
 j - a royal jelly
 k - a bread ration


   Skills:
 + Level 4.3 Fighting
 + Level 3.5 Polearms
 + Level 4.6 Armour
 + Level 4.9 Shields


You had 5 spell levels left.
You didn't know any spells.

Dungeon Overview and Level Annotations

Branches:
Dungeon (4/15)             Temple (1/1) D:4

Altars:
Ashenzari
Cheibriados
Makhleb
Nemelex Xobeh
Okawaru
Sif Muna
Trog
Uskayaw
Vehumet
Yredelemnul
The Shining One


Innate Abilities, Weirdness & Mutations

You cannot be hasted, slowed, berserked, paralysed or teleported.
You can dig through walls and to a lower floor.
Your four strong arms can wield two-handed weapons with a shield.
You have a pair of large antennae on your head. (SInv)
You are partially covered in molten scales. (AC +2)
Your spells are a little harder to cast, but a little more powerful.


Message History

The orc hits you with a hand axe.
* * * LOW HITPOINT WARNING * * *
The worker ant bites you but does no damage.
The orc wizard mumbles some strange words.
The orc wizard blinks!
Unknown command.
You puncture the worker ant!
The worker ant is heavily wounded.
* * * LOW HITPOINT WARNING * * *
You feel sick.
The orc wizard gestures wildly while chanting.
The orc wizard blinks!
The worker ant completely misses you.
You block the orc's attack. x2; The orc misses you.
It was a potion of curing.
You feel better. The worker ant bites you.
* * * LOW HITPOINT WARNING * * *
You are poisoned.
The worker ant poisons you!
The orc wizard gestures at you while chanting.
The magic dart hits you!
You die...

.. ##
#########..
.#
###..........
##
#...#.#[.....
#............
#...........
#...ยง.......
##.ooo.#.#
#!..@a...#
#..o.....#
#.......## ##
##.....## .#
##...##
.##### ##.##
.....# #.#
.###.# #.# .#
#^# #.#


You could see a worker ant, an orc wizard and 3 orcs.

Vanquished Creatures
  A hound (D:2)
  Jessica (D:4)
  2 orc wizards
  A worker ant (D:4)
  3 adders
  A worm (D:2)
  A leopard gecko (D:2)
  2 orcs (D:3)
  11 bats
  4 giant cockroaches
  7 goblins
  4 hobgoblins
  8 jackals
  A quokka (D:3)
  4 frilled lizards
  5 kobolds
  10 rats
66 creatures vanquished.

Vanquished Creatures (others)
  12 toadstools (D:4)
12 creatures vanquished.

Grand Total: 78 creatures vanquished

Notes
Turn   | Place    | Note
-------+----------+-------------------------------------------
     0 | D:1      | potatolord6000 the Formicid Fighter began the quest for the Orb.
     0 | D:1      | Reached XP level 1. HP: 18/18 MP: 1/1
   165 | D:1      | Reached XP level 2. HP: 22/24 MP: 2/2
   296 | D:1      | Reached XP level 3. HP: 13/29 MP: 3/3
   831 | D:2      | Found a burning altar of Makhleb.
   850 | D:2      | Reached XP level 4. HP: 22/37 MP: 4/4
  1599 | D:3      | Found a hide-covered altar of Uskayaw.
  1664 | D:3      | Reached XP level 5. HP: 35/42 MP: 5/5
  2062 | D:4      | Noticed Jessica
  2073 | D:4      | Found a deep blue altar of Sif Muna.
  2079 | D:4      | Gained mutation: Your spells are a little harder to cast, but a little more powerful. [potion of mutation]
  2079 | D:4      | Gained mutation: You are partially covered in molten scales. (AC +2) [potion of mutation]
  2102 | D:4      | Killed Jessica
  2354 | D:4      | Found a staircase to the Ecumenical Temple.
  2367 | Temple   | Entered the Ecumenical Temple
  2389 | Temple   | Became a worshipper of Cheibriados the Contemplative
  2455 | D:4      | Reached XP level 6. HP: 41/48 MP: 6/6
  2588 | D:4      | HP: 2/49 [poisoned by a worker ant]
  2589 | D:4      | Killed from afar by an orc wizard

Skill      XL: |  1  2  3  4 |
---------------+-------------+-----
Shields        | 4 |  4.9
Armour         | 4 |  4.6
Fighting       | 4 |  4.3
Polearms       | 3 |  3.5

Action                   |  1- 3 |  4- 6 || total
-------------------------+-------+-------++-------
Melee: Trident           |    96 |   180 ||   276
 Abil: Dig               |     2 |     3 ||     5
  Use: Potion            |       |     5 ||     5
  Eat: Bread ration      |     1 |       ||     1
       Meat ration       |       |     1 ||     1
Armor: Scale mail        |    50 |   146 ||   196
Dodge: Dodged            |    29 |   117 ||   146
Block: Shield            |    60 |   150 ||   210
